Map: Galactic Process LE

Players

Slaytanic

  • Race: Terran Terran
  • League: Diamond

AVEX - Winner!

  • Race: Zerg Zerg
  • League: Diamond

VOD

Have the link to the VOD?

Description

Time

  • Played on: July 20, 2016, 4:39 p.m.
  • Length: 10:12
Show
View Real Time Build Order
Export as new Build Order

Slaytanic Terran 

Build Orders: Reaper Expand, MMM Bio 

Get SALT Encoding   

  12  0:01  SCV  
  13  0:13  SCV  
  14  0:18  Supply Depot  
  14  0:25  SCV  
  15  0:40  SCV  
  15  0:41  Barracks  
  16  0:44  Refinery  
  16  0:52  SCV  
  17  1:04  SCV  
  18  1:16  SCV  
  19  1:30  Orbital Command, Reaper  
  20  1:42  Command Center  
  20  1:58  SCV  
  20  2:00  Supply Depot  
  21  2:02  Marine  
  22  2:13  SCV  
  23  2:27  Barracks Reactor  
  23  2:37  SCV  
  24  2:47  Barracks x2  
  24  2:49  SCV  
  24  2:50  Factory  
  24  2:58  Orbital Command  
  24  3:01  SCV  
  25  3:07  Bunker  
  25  3:10  Marine x2  
  27  3:13  SCV  
  28  3:25  SCV  
  29  3:28  Marine x2  
  31  3:35  Barracks Tech Lab, Barracks Reactor  
  31  3:38  Refinery  
  31  3:39  SCV x2  
  33  3:44  Starport  
  33  3:47  Marine x2, Supply Depot  
  35  3:51  SCV x2  
  35  3:55  Marine  
  38  4:03  SCV x2  
  40  4:13  Marine x2  
  40  4:14  Marine x3  
  45  4:21  SCV x2, Supply Depot  
  47  4:25  Starport Reactor  
  47  4:31  Marine x2  
  47  4:36  Command Center  
  47  4:37  Marine x3  
  52  4:39  SCV x2  
  52  4:43  Stimpack  
  54  4:48  Supply Depot  
  54  4:57  Marine x5  
  54  4:58  SCV x2  
  61  5:09  Supply Depot  
  61  5:10  Medivac x2  
  61  5:11  Supply Depot  
  65  5:16  SCV, Supply Depot  
  65  5:17  SCV  
  65  5:18  Marine x3  
  70  5:29  Engineering Bay  
  70  5:30  Engineering Bay  
  70  5:32  Marine x2  
  72  5:36  Supply Depot  
  72  5:41  Marine x2  
  72  5:42  Marine  
  75  5:50  Marine x2  
  77  5:58  Medivac x2  
  77  5:59  Marine x3  
  77  6:00  Terran Infantry Weapons Level 1, Orbital Command  
  84  6:05  Refinery  
  84  6:06  Refinery  
  84  6:09  Marine x2  
  86  6:14  Terran Infantry Armor Level 1  
  86  6:22  Marine x3  
  86  6:24  SCV  
  86  6:25  SCV  
  91  6:27  Marine x2  
  91  6:32  Factory Reactor  
  93  6:40  Marine x2  
  95  6:52  Marauder  
  97  6:55  Combat Shields, Barracks  
  97  6:57  Barracks  
  97  6:59  Barracks  
  97  7:01  Factory Tech Lab  
  97  7:02  Marine  
  97  7:03  Marine x2  
  97  7:13  Marauder  
  99  7:27  Marine  
  99  7:28  Marine x3  
  100  7:34  Marine  
  95  7:45  Marine  
  95  7:46  Marine  
  95  7:48  Marine x2  
  99  7:52  SCV x3  
  99  7:53  Marauder  
  91  8:03  Marine x2  
  91  8:04  SCV x3, Medivac x2  
  91  8:05  Siege Tank  
  103  8:06  Marine x2  
  104  8:14  Marauder  
  104  8:16  SCV x2  
  109  8:21  Marine x2  
  109  8:23  Armory  
  109  8:24  Marine x2  
  110  8:28  SCV  
  110  8:32  Barracks Tech Lab x2  
  111  8:35  Marine, Medivac x2  
  111  8:39  Marine x2  
  114  8:41  Marine  
  114  8:42  SCV x2  
  117  8:59  Orbital Command  
  117  9:04  Barracks Tech Lab  
  117  9:08  Supply Depot x2  
  117  9:09  Supply Depot  
  117  9:11  Marine x6  
  117  9:12  Marauder  
  125  9:21  Concussive Shells  
  125  9:28  Orbital Command  
  125  9:29  Marine x2  
  102  9:44  Marine x4  
  102  9:45  Marauder x2  
  110  9:48  Marine x2  
Show
View Real Time Build Order
Export as new Build Order

AVEX Zerg - Winner!

Build Orders: Hatch First 

Get SALT Encoding   

  12  0:01  Drone  
  13  0:14  Overlord  
  13  0:20  Drone  
  14  0:32  Drone x2  
  16  0:37  Drone  
  17  0:53  Hatchery  
  17  0:57  Drone  
  17  1:01  Drone  
  18  1:05  Extractor  
  17  1:16  Spawning Pool  
  16  1:20  Drone  
  16  1:22  Drone  
  18  1:29  Drone  
  19  1:40  Overlord  
  19  1:58  Drone  
  20  2:03  Queen  
  20  2:04  Zergling x2  
  20  2:06  Queen, Drone  
  26  2:12  Metabolic Boost  
  26  2:17  Drone  
  26  2:18  Drone  
  28  2:24  Drone  
  28  2:27  Drone  
  29  2:37  Zergling x2  
  30  2:48  Drone x2  
  32  2:58  Drone  
  32  2:59  Drone  
  32  3:04  Roach Warren  
  33  3:09  Hatchery  
  32  3:13  Pneumatized Carapace  
  32  3:14  Drone  
  32  3:15  Overlord  
  34  3:20  Drone x2  
  34  3:22  Drone  
  36  3:32  Overlord  
  36  3:33  Drone  
  40  3:34  Drone x3  
  40  3:44  Roach x2  
  44  3:49  Overlord  
  44  4:02  Drone  
  45  4:03  Drone x6  
  51  4:13  Drone x2  
  53  4:22  Drone x2  
  53  4:23  Extractor  
  54  4:25  Queen  
  54  4:27  Queen  
  54  4:28  Drone x5  
  54  4:31  Overlord  
  65  4:42  Lair  
  65  4:43  Drone x3  
  65  4:44  Overlord  
  66  4:51  Extractor x2  
  66  4:52  Extractor, Drone x2  
  65  4:53  Extractor  
  66  5:00  Roach x5  
  66  5:03  Overlord x2  
  66  5:04  Overlord  
  66  5:05  Roach  
  74  5:21  Evolution Chamber, Ravager  
  75  5:26  Evolution Chamber  
  75  5:28  Drone x3  
  74  5:30  Drone x3  
  74  5:34  Drone x3  
  74  5:35  Drone x3  
  82  5:39  Roach x3  
  90  5:55  Overlord x2  
  90  6:01  Zerg Ground Armor Level 1, Zerg Missile Weapons Level 1, Glial Reconstitution  
  90  6:09  Roach x4  
  98  6:14  Overlord  
  98  6:18  Roach x6  
  110  6:28  Overseer  
  110  6:30  Overlord x3  
  110  6:34  Roach x2  
  110  6:37  Overlord x3  
  114  6:51  Roach x2  
  114  6:52  Roach x6  
  126  7:10  Zergling x6  
  126  7:11  Zergling x10  
  134  7:17  Roach x2  
  137  7:26  Roach x6  
  142  7:40  Roach  
  142  7:41  Roach x2  
  135  7:44  Ravager x2  
  135  7:45  Ravager x5  
  135  7:48  Queen  
  131  8:11  Ravager  
  129  8:14  Queen  
  129  8:15  Roach x5  
  129  8:16  Roach x6  
  153  8:28  Overlord x4  
  146  8:48  Drone  
  146  8:49  Drone x8  
  146  8:53  Queen  
  156  9:00  Drone  
  156  9:01  Drone x4  
  161  9:13  Roach  
  161  9:14  Roach x4  
  161  9:15  Drone  
  162  9:44  Drone x2  
  162  9:45  Drone x8  
  173  9:52  Roach  
Tags
 
Add a new tag
Caveats
  • Supply blocks, unpowered buildings, or Contaminate may cause inaccurate times.
  • Supply counts are checked every 10 seconds.